PBL
ROSWELL INVADERS @ TIJUANA TOROS
08/29/2046
 
TOP OF THE 1ST
Roswell Invaders batting - Pitching for Tijuana Toros : LHP Yok-sing Zhào
Pitching: LHP Yok-sing Zhào
Batting: RHB Chris Jones 0-0: Ball
1-0: Ground out 1-3 (Groundball, 15S, EV 66.9 MPH)
Batting: RHB Hector Tabares 0-0: Ball
1-0: Called Strike
1-1: Swinging Strike
1-2: Foul Ball, location: 2F
1-2: Strikes out looking
Batting: LHB Nelson Pelico 0-0: Called Strike
0-1: Foul Ball, location: 2F
0-2: Ball
1-2: Fly out, F8 (Flyball, 8LM, EV 85.6 MPH)
Top of the 1st over - 0 runs, 0 hits, 0 errors, 0 left on base; Roswell 0 - Tijuana 0
BOTTOM OF THE 1ST
Tijuana Toros batting - Pitching for Roswell Invaders : RHP Jose Rodas
Pitching: RHP Jose Rodas
Batting: RHB Theo Schepers 0-0: Ground out 6-3 (Groundball, 56, EV 85.6 MPH)
Batting: LHB Chris Buchan 0-0: Ball
1-0: Ball
2-0: Ground out 4-3 (Groundball, 34D, EV 103.1 MPH)
Batting: SHB Josh Vaill 0-0: Ball
1-0: Foul Ball, location: 2F
1-1: Ball
2-1: Foul Ball, location: 2F
2-2: Fly out, F3 (Line Drive, 3, EV 76.9 MPH)
Bottom of the 1st over - 0 runs, 0 hits, 0 errors, 0 left on base; Roswell 0 - Tijuana 0
TOP OF THE 2ND
Roswell Invaders batting - Pitching for Tijuana Toros : LHP Yok-sing Zhào
Batting: RHB Cesar Rendon 0-0: Called Strike
0-1: Swinging Strike
0-2: Ball
1-2: Ground out 6-3 (Groundball, 6, EV 90.0 MPH)
Batting: RHB Jimmy McIntosh 0-0: Called Strike
0-1: Swinging Strike
0-2: Ball
1-2: Strikes out swinging
Batting: LHB Falco van Koeveringe 0-0: Ball
1-0: Ground out 4-3 (Groundball, 34, EV 89.4 MPH)
Top of the 2nd over - 0 runs, 0 hits, 0 errors, 0 left on base; Roswell 0 - Tijuana 0
BOTTOM OF THE 2ND
Tijuana Toros batting - Pitching for Roswell Invaders : RHP Jose Rodas
Batting: RHB Felipe Rivera 0-0: Ball
1-0: Ball
2-0: Called Strike
2-1: Fly out, F8 (Flyball, 8LS, EV 93.1 MPH)
Batting: RHB Juan Gallegos 0-0: Called Strike
0-1: Ball
1-1: Ball
2-1: Ball
3-1: SOLO HOME RUN (Line Drive, 78XD, EV 111.2 MPH), Distance : 442 ft
Batting: RHB Roberto Sotelo 0-0: Ball
1-0: Foul Ball, location: 2F
1-1: Foul Ball, location: 2F
1-2: Fly out, F9 (Line Drive, 9, EV 90.0 MPH)
Batting: LHB Pedro Garza 0-0: Ball
1-0: Ball
2-0: Foul Ball, location: 2F
2-1: Swinging Strike
2-2: Ball
3-2: SINGLE (Flyball, 5D, EV 96.2 MPH)
Batting: SHB Alex Noval 0-0: Foul Ball, location: 2F
0-1: Called Strike
0-2: Foul Ball, location: 2F
0-2: Ball
1-2: Strikes out swinging
Bottom of the 2nd over - 1 run, 2 hits, 0 errors, 1 left on base; Roswell 0 - Tijuana 1
TOP OF THE 3RD
Roswell Invaders batting - Pitching for Tijuana Toros : LHP Yok-sing Zhào
Batting: RHB John Ricketts 0-0: Ball
1-0: Ground out 4-3 (Groundball, 4M, EV 101.9 MPH)
Batting: LHB Angelo Lira 0-0: Ball
1-0: Ball
2-0: Called Strike
2-1: Foul Ball, location: 2F
2-2: Foul Ball, location: 2F
2-2: Foul Ball, location: 2F
2-2: Foul Ball, location: 2F
2-2: Ball
3-2: Strikes out looking
Batting: RHB Devon House 0-0: Foul Ball, location: 2F
0-1: Swinging Strike
0-2: Foul Ball, location: 2F
0-2: Strikes out looking
Top of the 3rd over - 0 runs, 0 hits, 0 errors, 0 left on base; Roswell 0 - Tijuana 1
BOTTOM OF THE 3RD
Tijuana Toros batting - Pitching for Roswell Invaders : RHP Jose Rodas
Batting: RHB Yok-sing Zhào 0-0: Swinging Strike
0-1: Foul Ball, location: 2F
0-2: Foul Ball, location: 2F
0-2: Ball
1-2: Strikes out swinging
Batting: RHB Theo Schepers 0-0: Called Strike
0-1: Swinging Strike
0-2: Ground out 1-3 (Groundball, 13, EV 68.8 MPH)
Batting: LHB Chris Buchan 0-0: Ball
1-0: Called Strike
1-1: Ball
2-1: Fly out, F8 (Flyball, 8LM, EV 78.8 MPH)
Bottom of the 3rd over - 0 runs, 0 hits, 0 errors, 0 left on base; Roswell 0 - Tijuana 1
TOP OF THE 4TH
Roswell Invaders batting - Pitching for Tijuana Toros : LHP Yok-sing Zhào
Batting: RHB Chris Jones 0-0: Ball
1-0: Ball
2-0: Called Strike
2-1: Ball
3-1: Called Strike
3-2: Foul Ball, location: 2F
3-2: Base on Balls
Batting: RHB Hector Tabares 0-0: Ball
1-0: Fly out, F9 (Flyball, 9LS, EV 98.1 MPH)
Batting: LHB Nelson Pelico 0-0: Fly out, F5 (Popup, 56S, EV 87.5 MPH)
Batting: RHB Cesar Rendon 0-0: Ball
1-0: Foul Ball, location: 2F
1-1: SINGLE (Groundball, P, EV 79.4 MPH) (infield hit)
Chris Jones to second
Batting: RHB Jimmy McIntosh 0-0: Foul Ball, location: 2F
0-1: Foul Ball, location: 2F
0-2: Strikes out looking
Top of the 4th over - 0 runs, 1 hit, 0 errors, 2 left on base; Roswell 0 - Tijuana 1
BOTTOM OF THE 4TH
Tijuana Toros batting - Pitching for Roswell Invaders : RHP Jose Rodas
Batting: SHB Josh Vaill 0-0: Called Strike
0-1: Ball
1-1: Foul Ball, location: 2F
1-2: Ball
2-2: Ball
3-2: Base on Balls
Batting: RHB Felipe Rivera 0-0: Swinging Strike
0-1: Ball
1-1: Called Strike
1-2: Ball
2-2: Strikes out swinging
Batting: RHB Juan Gallegos 0-0: Called Strike
0-1: Ball
1-1: Swinging Strike
1-2: Ball
2-2: DOUBLE (Line Drive, 78XD, EV 112.5 MPH)
Josh Vaill to third
Batting: RHB Roberto Sotelo 0-0: Ground out U3 (Groundball, 34S, EV 81.9 MPH)
Josh Vaill scores
Juan Gallegos to third
Batting: LHB Pedro Garza 0-0: Swinging Strike
0-1: Swinging Strike
0-2: Foul Ball, location: 2F
0-2: Strikes out swinging
Bottom of the 4th over - 1 run, 1 hit, 0 errors, 1 left on base; Roswell 0 - Tijuana 2
TOP OF THE 5TH
Roswell Invaders batting - Pitching for Tijuana Toros : LHP Yok-sing Zhào
Batting: LHB Falco van Koeveringe 0-0: Swinging Strike
0-1: Fly out, F8 (Line Drive, 78M, EV 96.2 MPH)
Batting: RHB John Ricketts 0-0: Ball
1-0: Swinging Strike
1-1: SINGLE (Groundball, 6MD, EV 94.4 MPH)
Batting: LHB Angelo Lira 0-0: Ball
1-0: Ball
2-0: Ball
3-0: Base on Balls
John Ricketts to second
Batting: RHB Devon House 0-0: Ball
1-0: Swinging Strike
1-1: Foul Ball, location: 2F
1-2: SINGLE (Groundball, 56D, EV 102.5 MPH) (infield hit)
John Ricketts to third
Angelo Lira to second
Batting: RHB Chris Jones 0-0: Foul Ball, location: 2F
0-1: Ball
1-1: Called Strike
1-2: Ball
2-2: SINGLE (Groundball, 6MD, EV 100.6 MPH)
John Ricketts scores
Angelo Lira to third
Devon House to second
Batting: RHB Hector Tabares 0-0: Called Strike
0-1: Swinging Strike
0-2: Ball
1-2: Ball
2-2: Strikes out swinging
Batting: LHB Nelson Pelico 0-0: Ball
1-0: Called Strike
1-1: Called Strike
1-2: Ball
2-2: Ball
3-2: Foul Ball, location: 2F
3-2: Base on Balls
Angelo Lira scores
Devon House to third
Chris Jones to second
Batting: RHB Cesar Rendon 0-0: Foul Ball, location: 2F
0-1: Foul Ball, location: 2F
0-2: Strikes out swinging
Top of the 5th over - 2 runs, 3 hits, 0 errors, 3 left on base; Roswell 2 - Tijuana 2
BOTTOM OF THE 5TH
Tijuana Toros batting - Pitching for Roswell Invaders : RHP Jose Rodas
Batting: SHB Alex Noval 0-0: Ball
1-0: Ball
2-0: Called Strike
2-1: Called Strike
2-2: Ground out 5-3 (Groundball, 5L, EV 88.8 MPH)
Batting: RHB Yok-sing Zhào 0-0: Ball
1-0: Ground out 4-3 (Groundball, 4, EV 105.6 MPH)
Batting: RHB Theo Schepers 0-0: Ball
1-0: Ball
2-0: SINGLE (Line Drive, 34D, EV 98.8 MPH)
Batting: LHB Chris Buchan 0-0: Foul Ball, location: 2F
0-1: Fly out, F5 (Popup, 5DF, EV 51.9 MPH)
Bottom of the 5th over - 0 runs, 1 hit, 0 errors, 1 left on base; Roswell 2 - Tijuana 2
TOP OF THE 6TH
Roswell Invaders batting - Pitching for Tijuana Toros : LHP Yok-sing Zhào
Batting: RHB Jimmy McIntosh 0-0: Called Strike
0-1: Ball
1-1: Ball
2-1: Ball
3-1: Base on Balls
Batting: LHB Falco van Koeveringe 0-0: Ball
1-0: Ball
2-0: Called Strike
2-1: Fly out, F8 (Flyball, 8RXD, EV 90.0 MPH)
Batting: RHB John Ricketts 0-0: Foul Ball, location: 2F
0-1: Ball
1-1: Grounds into double play, 5-4-3 (Groundball, 56, EV 80.6 MPH)
Top of the 6th over - 0 runs, 0 hits, 0 errors, 0 left on base; Roswell 2 - Tijuana 2
BOTTOM OF THE 6TH
Tijuana Toros batting - Pitching for Roswell Invaders : RHP Jose Rodas
Batting: SHB Josh Vaill 0-0: Called Strike
0-1: Foul Ball, location: 2F
0-2: Fly out, F8 (Line Drive, 8LM, EV 91.9 MPH)
Batting: RHB Felipe Rivera 0-0: Called Strike
0-1: Foul Ball, location: 2F
0-2: Ball
1-2: Foul Ball, location: 2F
1-2: Fly out, F8 (Flyball, 8LD, EV 105.6 MPH)
Batting: RHB Juan Gallegos 0-0: Fly out, F6 (Flyball, 56D, EV 89.4 MPH)
Bottom of the 6th over - 0 runs, 0 hits, 0 errors, 0 left on base; Roswell 2 - Tijuana 2
TOP OF THE 7TH
Roswell Invaders batting - Pitching for Tijuana Toros : LHP Yok-sing Zhào
Batting: LHB Angelo Lira 0-0: Called Strike
0-1: Called Strike
0-2: Ball
1-2: Ball
2-2: Ball
3-2: Foul Ball, location: 2F
3-2: Foul Ball, location: 2F
3-2: Base on Balls
Batting: RHB Devon House 0-0: Called Strike
0-1: Ball
1-1: Foul Ball, location: 2F
1-2: Strikes out looking
Pitching: RHP Balinda Msrah
Batting: RHB Chris Jones 0-0: Ball
1-0: Ball
2-0: Ball
3-0: Called Strike
3-1: Swinging Strike
3-2: Strikes out looking
Angelo Lira is caught stealing 2nd base 2-4
Batter strikes out.
Top of the 7th over - 0 runs, 0 hits, 0 errors, 0 left on base; Roswell 2 - Tijuana 2
BOTTOM OF THE 7TH
Tijuana Toros batting - Pitching for Roswell Invaders : RHP Jose Rodas
Batting: RHB Roberto Sotelo 0-0: Foul Ball, location: 2F
0-1: Ball
1-1: SINGLE (Groundball, 34D, EV 98.1 MPH)
Pinch Hitting: RHB Justin Curran 0-0: Sac Bunt to 15S - play at first, batter OUT! 1-3
Roberto Sotelo to second
Pinch Hitting: RHB Tommy Hunter 0-0: Intentional Walk
Batting: LHB Fernão Manta 0-0: Foul Ball, location: 2F
0-1: Ball
1-1: Foul Ball, location: 2F
1-2: Ball
2-2: Ball
3-2: Base on Balls
Roberto Sotelo to third
Tommy Hunter to second
Batting: RHB Theo Schepers 0-0: Ball
1-0: Foul Ball, location: 2F
1-1: Foul Ball, location: 2F
1-2: Strikes out swinging
Batting: LHB Chris Buchan 0-0: Foul Ball, location: 2F
0-1: Ball
1-1: Swinging Strike
1-2: Ball
2-2: Strikes out swinging
Bottom of the 7th over - 0 runs, 1 hit, 0 errors, 3 left on base; Roswell 2 - Tijuana 2
TOP OF THE 8TH
Roswell Invaders batting - Pitching for Tijuana Toros : RHP Balinda Msrah
Now in LF: Justin Curran
Now in CF: Kekoa Kahele
Pinch Hitting: LHB Danny Salas 0-0: Fly out, F6 (Popup, 6, EV 63.1 MPH)
Batting: LHB Nelson Pelico 0-0: Ground out 5-3 (Groundball, 6, EV 101.2 MPH)
Batting: RHB Cesar Rendon 0-0: Called Strike
0-1: Called Strike
0-2: Strikes out swinging
Top of the 8th over - 0 runs, 0 hits, 0 errors, 0 left on base; Roswell 2 - Tijuana 2
BOTTOM OF THE 8TH
Tijuana Toros batting - Pitching for Roswell Invaders : RHP Jose Rodas
Pitching: LHP Ricky Ramirez
Now at SS: Carlos Gonzalez
Batting: SHB Josh Vaill 0-0: Ball
1-0: Ball
2-0: Swinging Strike
2-1: Ball
3-1: Foul Ball, location: 2F
3-2: Base on Balls
Batting: RHB Felipe Rivera 0-0: SINGLE (Groundball, 5S, EV 61.9 MPH) (infield hit)
Josh Vaill to second
Batting: RHB Juan Gallegos 0-0: Called Strike
0-1: Ball
1-1: SINGLE (Line Drive, 6MD, EV 97.5 MPH)
Josh Vaill to third
Felipe Rivera to second
Batting: RHB Roberto Sotelo 0-0: Foul Ball, location: 2F
0-1: Ball
1-1: Ball
2-1: Foul Ball, location: 2F
2-2: Foul Ball, location: 2F
2-2: Foul Ball, location: 2F
2-2: Ball
3-2: SINGLE (Groundball, 4M, EV 100.0 MPH)
Josh Vaill scores
Felipe Rivera to third
Juan Gallegos to second
Batting: RHB Justin Curran 0-0: Foul Ball, location: 2F
0-1: Ball
1-1: Ball
2-1: TRIPLE (Groundball, 3L, EV 101.9 MPH)
Felipe Rivera scores
Juan Gallegos scores
Roberto Sotelo scores
Pitching: LHP Bobby Manning
Batting: RHB Kekoa Kahele 0-0: Foul Ball, location: 2F
0-1: Ball
1-1: Called Strike
1-2: Ball
2-2: Foul Ball, location: 2F
2-2: Strikes out looking
Batting: LHB Fernão Manta 0-0: Ball
1-0: Ball
2-0: Called Strike
2-1: Ball
3-1: Base on Balls
Batting: RHB Theo Schepers 0-0: Foul Ball, location: 2F
0-1: Fielders Choice at 2nd, 5-4 (Groundball, 56, EV 75.6 MPH)
Justin Curran scores
Batting: LHB Chris Buchan 0-0: Swinging Strike
0-1: Called Strike
0-2: Ball
1-2: Ball
2-2: Fly out, F8 (Flyball, 89M, EV 80.6 MPH)
Bottom of the 8th over - 5 runs, 4 hits, 0 errors, 1 left on base; Roswell 2 - Tijuana 7
TOP OF THE 9TH
Roswell Invaders batting - Pitching for Tijuana Toros : RHP Balinda Msrah
Batting: RHB Jimmy McIntosh 0-0: Ball
1-0: Foul Ball, location: 2F
1-1: Ground out 5-3 (Groundball, 5, EV 108.1 MPH)
Batting: LHB Falco van Koeveringe 0-0: Ball
1-0: Fly out, F4 (Flyball, 34D, EV 86.2 MPH)
Batting: RHB John Ricketts 0-0: Called Strike
0-1: Foul Ball, location: 2F
0-2: Foul Ball, location: 2F
0-2: Ball
1-2: Ball
2-2: Ground out 6-3 (Groundball, 6, EV 98.1 MPH)
Top of the 9th over - 0 runs, 0 hits, 0 errors, 0 left on base; Roswell 2 - Tijuana 7
Tuesday, September 13th , 2022 - OOTP Baseball 23.7 Build 88